 Dungeon Crawl Stone Soup version 0.22-a0-848-ge9e22a0 (webtiles) character file.

133 protoss039 the Chopper (level 4, -8/41 HPs)
             Began as a Minotaur Fighter on July 26, 2018.
             Mangled by an orc wizard
             ... wielding a +1 dagger of electrocution
              (13 damage)
             ... on level 3 of the Dungeon.
             The game lasted 00:04:26 (1254 turns).

protoss039 the Chopper (Minotaur Fighter)           Turns: 1254, Time: 00:04:33

Health: -8/41      AC:  6    Str: 20    XL:     4   Next: 94%
Magic:  0/3        EV:  7    Int:  5    God:
Gold:   103        SH:  9    Dex: 11    Spells: 3/3 levels left

rFire    . . .     SeeInvis .   a - +0 war axe
rCold    . . .     Gourm    .   c - +0 shield
rNeg     . . .     Faith    .   b - +0 scale mail
rPois    .         Spirit   +   (helmet restricted)
rElec    .         Reflect  .   (no cloak)
rCorr    .         Harm     .   (no gloves)
MR       .....                  (no boots)
Stlth    +.........             l - amulet of guardian spirit
HPRegen  0.13/turn              e - ring of stealth
MPRegen  0.08/turn              (no ring)

@: no status effects
A: retaliatory headbutt, horns 2
a: no special abilities


You were on level 3 of the Dungeon.
You were not hungry.

You visited 1 branch of the dungeon, and saw 3 of its levels.

You collected 103 gold pieces.

Inventory:

Hand Weapons
 a - a +0 war axe (weapon)
Missiles
 t - 3 tomahawks (quivered)
Armour
 b - a +0 scale mail (worn)
 c - a +0 shield (worn)
Jewellery
 e - a ring of stealth (left hand)
 l - an amulet of guardian spirit (around neck)
 o - a +1 ring of evasion {unknown}
Scrolls
 j - a scroll of fear {unknown}
 k - 2 scrolls of remove curse
 m - a scroll of enchant weapon {unknown}
 n - a scroll of enchant armour {unknown}
Potions
 d - 3 potions of might
 g - a potion of haste {unknown}
 i - 3 potions of mutation {unknown}
 p - a potion of ambrosia {unknown}
 q - 2 potions of heal wounds {unknown}
 r - a potion of curing {unknown}
Comestibles
 f - 6 rations
 s - 7 chunks of flesh


   Skills:
 + Level 4.9 Fighting
 * Level 5.3 Axes
 - Level 3.6 Armour
 - Level 3.6 Shields


You had 3 spell levels left.
You didn't know any spells.
Your spell library was empty.

Dungeon Overview and Level Annotations

Branches:
Dungeon (3/15)

Altars:
Trog


Innate Abilities, Weirdness & Mutations

You reflexively headbutt those who attack you in melee.
You have a pair of horns on your head.


Message History

You block the orc wizard's attack. Something hits you but does no damage.
You hit something. You hit the orc wizard.
The orc wizard hits you but does no damage.
Something hits you but does no damage. The orc wizard casts a spell at you.
The magic dart hits you!
* * * LOW HITPOINT WARNING * * *
You barely miss something. You headbutt something. You hit the orc wizard.
The orc wizard hits you but does no damage.
You block something's attack. The orc wizard barely misses you.
Something hits you.
* * * LOW HITPOINT WARNING * * *
You miss something. Your headbutt misses something.
You closely miss the orc wizard.
The orc wizard gestures at you while chanting.
The magic dart hits you!
* * * LOW HITPOINT WARNING * * *
The orc wizard hits you but does no damage.
Something hits you but does no damage.
You are electrocuted!
You die...

##########
#.#...#....# #..
#.#.#.#.##.# #..
#.#.#.#..#.# #..
#.#.#.#..#.# #o#
#.#.#.#..#.# #w#
#.#.#.#.##.# #o#
#.#....<...# #.#
#.###.######.#@#
#.(.)).......#o#
#####.########.#
#......# #.#
######.# #.#
#.###.# #.....#
#######


You could see an orc wizard, a dart slug and 2 orcs.

Vanquished Creatures
  2 orc wizards (D:3)
  2 oozes
  A worm (D:2)
  A dart slug (D:1)
  2 leopard geckos (D:2)
  3 orcs (D:3)
  A giant cockroach (D:1)
  5 goblins
  6 hobgoblins
  7 jackals (D:1)
  A ball python (D:2)
  12 bats
  5 frilled lizards
  6 kobolds
  6 rats
60 creatures vanquished.

Notes
Turn   | Place    | Note
-------+----------+-------------------------------------------
     0 | D:1      | protoss039 the Minotaur Fighter began the quest for the Orb.
     0 | D:1      | Reached XP level 1. HP: 19/19 MP: 0/0
    69 | D:1      | Reached skill level 3 in Axes
    79 | D:1      | Reached XP level 2. HP: 24/27 MP: 1/1
   519 | D:1      | Reached XP level 3. HP: 33/33 MP: 2/2
   662 | D:1      | Reached skill level 4 in Axes
   799 | D:2      | Found a bloodstained altar of Trog.
  1103 | D:2      | Reached XP level 4. HP: 41/41 MP: 3/3
  1175 | D:3      | Reached skill level 5 in Axes
  1254 | D:3      | Mangled by an orc wizard

Vault maps used:
D:1:      tarquinn_simple_flora_water_f, st_stairs_10, corner_web_ring
D:2:      lemuel_round_altar
D:3:      first_ration, uniq_sigmund, uniq_terence

Skill      XL: |  1  2  3  4 |
---------------+-------------+-----
Axes           | 3 4 5 |  5.3
Fighting       | 4 |  4.9
Armour         | |  3.6
Shields        | |  3.6

Action                   |  1- 3 |  4- 6 || total
-------------------------+-------+-------++-------
Melee: War axe           |    98 |    20 ||   118
       Headbutt          |    10 |     2 ||    12
  Use: Scroll            |       |     3 ||     3
  Eat: Chunk             |       |     1 ||     1
Armor: Scale mail        |    63 |     8 ||    71
Dodge: Dodged            |    33 |     8 ||    41
Block: Shield            |    76 |     8 ||    84

Table legend:
 A = Spawn XP
 B = Non-spawn XP
 C = Spawn XP percentage of total XP
 D = Spawn monster count
 E = Non-spawn monster count
 F = Spawn count percentage of total count
 G = Total turns spent on level
                    A         B        C        D         E        F      G
               +---------+---------+-------+---------+---------+-------+---------
         Total |       0 |     191 |   0.0 |       0 |      60 |   0.0 |  1254
               +---------+---------+-------+---------+---------+-------+---------
           D:1 |       0 |      53 |   0.0 |       0 |      30 |   0.0 |   691
           D:2 |       0 |      45 |   0.0 |       0 |      23 |   0.0 |   473
           D:3 |       0 |      93 |   0.0 |       0 |       7 |   0.0 |    90
               +---------+---------+-------+---------+---------+-------+---------
